 Dungeon Crawl Stone Soup version 0.23.0-2-g0fe3ce5 (webtiles) character file.

Game seed: 16447995022865538856

151900 Lavandula the Brawler (level 17, -4/158 HPs)
             Began as a Troll Wanderer on Feb 19, 2019.
             Was a High Priest of Cheibriados.
             Killed from afar by a lich (77 damage)
             ... with a crystal spear
             ... on level 3 of the Abyss.
             The game lasted 00:54:53 (13086 turns).

Lavandula the Brawler (Troll Wanderer)             Turns: 13086, Time: 00:54:54

Health: -4/158     AC: 10    Str: 36      XL:     17   Next: 1%
Magic:  13/21      EV: 17    Int: 18 (20) God:    Cheibriados [*****.]
Gold:   395        SH: 23    Dex: 25      Spells: 9/18 levels left

rFire    + + .     SeeInvis .     - Unarmed
rCold    + . .     Gourm    +   o - +3 shield "Moukhlos" {rElec Regen+}
rNeg     + . .     Faith    .   Q - +4 troll leather armour
rPois    .         Spirit   .   M - +2 hat
rElec    +         Reflect  +   t - scarf {rC+ rF+}
rCorr    .         Harm     .   (gloves unavailable)
MR       +....                  (boots unavailable)
Stlth    ++........             y - +4 amulet of reflection
HPRegen  1.56/turn              g - ring of positive energy
MPRegen  0.17/turn              P - ring of protection from fire

@: corroded, very slow
A: large, unfitting armour, claws 3, horns 1, [blurry vision 2], fast metabolism
3, gourmand, [low mp 1], regeneration 1, [screaming 2], shaggy fur 1, tough skin
3, [weak 2], subdued magic 1
a: Bend Time, Temporal Distortion, Slouch, Step From Time, Renounce Religion


You were on level 3 of the Abyss.
You worshipped Cheibriados.
Cheibriados was extremely pleased with you.
You were very full.

You visited 3 branches of the dungeon, and saw 20 of its levels.
You visited the Abyss 1 time.
You visited 1 bazaar.
You also visited: Bailey.

You collected 1594 gold pieces.
You spent 1199 gold pieces at shops.

Inventory:

Missiles
 G - 16 large rocks (quivered)
 H - 2 throwing nets
 W - 2 javelins
Armour
 o - the +3 shield "Moukhlos" (worn) {rElec Regen+}
   (You acquired it on level 1 of the Depths)

   It insulates you from electricity.
   It increases your rate of regeneration.
 t - a scarf of resistance (worn)
 w - a scarf of spirit shield
 M - a +2 hat (worn)
 Q - a +4 troll leather armour (worn)
 Z - +0 fire dragon scales
Jewellery
 g - a ring of positive energy (left claw)
 l - an uncursed ring of ice
 u - a +4 ring of strength
 y - a +4 amulet of reflection (around neck)
 B - an uncursed ring of protection from cold
 J - an uncursed amulet of regeneration
 P - a ring of protection from fire (right claw)
 T - an uncursed ring of see invisible
Wands
 r - a wand of acid (9)
 v - a wand of digging (27)
 x - a wand of scattershot (2)
 E - a wand of enslavement (12)
 F - a wand of flame (51)
 R - a wand of disintegration (17)
 Y - a wand of iceblast (32)
Scrolls
 a - 8 scrolls of remove curse
 c - a scroll of enchant armour
 d - 2 scrolls of vulnerability
 e - a scroll of summoning
 i - 3 scrolls of fear
 k - 7 scrolls of amnesia
 m - 3 scrolls of holy word
 p - 4 scrolls of fog
 q - 2 scrolls of magic mapping
 s - 6 scrolls of teleportation
 A - 4 scrolls of immolation
 C - 7 scrolls of blinking
 V - 2 scrolls of silence
Potions
 h - 5 potions of might
 j - 2 potions of invisibility
 n - 9 potions of heal wounds
 z - 3 potions of agility
 D - 2 potions of mutation
 I - 2 potions of ambrosia
 K - 3 potions of cancellation
 L - a potion of brilliance {unknown}
 N - 2 potions of magic {unknown}
 O - a potion of berserk rage {unknown}
 S - 4 potions of resistance
 U - 8 potions of curing
Miscellaneous
 b - a box of beasts
 X - a lightning rod (3/4)
Comestibles
 f - 33 rations


   Skills:
 - Level 7.8 Fighting
   Level 1.0 Maces & Flails
 - Level 4.8 Throwing
 + Level 8.5 Dodging
 - Level 14.3 Shields
 - Level 16.3 Unarmed Combat
 - Level 1.2 Spellcasting
   Level 1.0 Summonings
 - Level 2.2 Translocations
   Level 1.7 Earth Magic
 - Level 10.3 Invocations


You had 9 spell levels left.
You knew the following spells:

 Your Spells              Type           Power        Failure   Level  Hunger
a - Magic Dart            Conj           #...         19%         1    ##.....
b - Blink                 Tloc           N/A          11%         2    ###....
c - Ozocubu's Armour      Chrm/Ice       #.......     50%         3    ####...
d - Mephitic Cloud        Conj/Pois/Air  #.......     50%         3    ####...

Your spell library contained the following spells:

 Spells                   Type           Power        Failure   Level  Hunger
 Animate Skeleton         Necr           N/A          19%         1    ##.....
 Freeze                   Ice            #...         19%         1    ##.....
 Pain                     Necr           #...         19%         1    ##.....
 Call Imp                 Summ           #.......     19%         2    ###....
 Slow                     Hex            #.......     28%         2    ###....
 Throw Flame              Conj/Fire      #.....       28%         2    ###....
 Throw Frost              Conj/Ice       #.....       28%         2    ###....
 Conjure Flame            Conj/Fire      #.......     50%         3    ####...
 Regeneration             Chrm/Necr      #.........   50%         3    ####...
 Vampiric Draining        Necr           #.........   50%         3    ####...
 Summon Ice Beast         Ice/Summ       #.......     85%         4    #####..
 Animate Dead             Necr           N/A          89%         4    #####..
 Throw Icicle             Conj/Ice       #.......     89%         4    #####..


Dungeon Overview and Level Annotations

Branches:
Dungeon (15/15)            Temple (1/1) D:4            Lair (0/6) D:8
    Orc (0/2) D:11         Vaults (0/5) D:14         Depths (3/5) D:15

Altars:
Ashenzari
Cheibriados
Dithmenos
Elyvilon
Fedhas
Gozag
Hepliaklqana
Kikubaaqudgha
Makhleb
Nemelex Xobeh
Okawaru
Qazlal
Ru
Sif Muna
Trog
Uskayaw
Vehumet
Wu Jian
Xom
Yredelemnul
Zin
The Shining One

Shops:
D:6 }   D:11 %   D:14 **?%[   Depths:1 ?

Portals:
Hell: Depths:1 Depths:3
Pandemonium: Depths:1
Ziggurat: Depths:1

Annotations:
D:3 Sigmund
D:5 3 runed translucent doors, acepyromaniac's ghost, novice HOFi
D:11 exclusion: downstairs
Depths:3 exclusions: 3 doors and 1 more exclusion


Innate Abilities, Weirdness & Mutations

You are too large for most types of armour.
You have claws for hands.
Your metabolism is lightning-fast.
You like to eat raw meat.
Your natural rate of healing is unusually fast.
You are covered in fur. (AC +1)
You have extremely tough skin. (AC +3)
You have a pair of small horns on your head.
Your spells are a little easier to cast, but a little less powerful.
[Scrolls take you longer to read.]
[Your magical capacity is low. (-10% MP)]
[You sometimes yell uncontrollably at your foes.]
[You are very weak. (Str -4)]


Message History

The bolt of acid hits you!!! The acid corrodes you!
You are splashed with acid!!
You scratch the sixfirhy but do no damage.
Your headbutt misses the sixfirhy.
The sixfirhy is severely wounded.
The sixfirhy hits you. The sixfirhy shocks you. You resist.
You block the sixfirhy's attack.
The lich gestures wildly while chanting.
The lich seems to speed up.
The sixfirhy closely misses you.
Unknown command.
You can feel time thicken for a moment.
You kill the sixfirhy!
Cheibriados thoroughly appreciates the change of pace.
You feel the corruption within you wane somewhat.
You feel robust.
You feel more energetic.
You feel somewhat less full.
Cheibriados lowers the support of your attributes as your movement quickens.
The lich points at you and mumbles some strange words.
The crystal spear hits you!!!!
You die...

...$. .... ...... ###
...... #.### .....##...#
'## ....(......###...
.................
.........@...##.###.
.................. .# #
..................##...##
.........L............. .
......##......##..... ##
. ......##......# . ....#
. .................... ..
..... ..................
... ....... ..... .....


You could see a lich.

Vanquished Creatures
  A juggernaut (Depths:4)
  A lich (Depths:3)
  Kirke (D:12)
  A tengu reaver (Depths:3)
  2 fire giants (Depths:1)
  An iron dragon (Depths:1)
  4 stone giants
  A spriggan defender (Depths:3)
  4 very ugly things
  A spark wasp (shapeshifter) (D:15)
  5 spark wasps
  Snorg (D:12)
  An ettin (Depths:3)
  3 fire dragons
  3 ogre magi
  A rakshasa (Depths:3)
  A great orb of eyes (Depths:1)
  Erolcha (D:12)
  8 ice dragons
  2 vault guards (D:14)
  2 hydras
  A spriggan air mage (Depths:4)
  2 centaur warriors
  15 two-headed ogres
  A deep troll shaman (Depths:3)
  3 tengu warriors
  2 vampire magi (Depths:1)
  2 deep troll earth magi (Depths:3)
  3 spriggan berserkers
  A thrashing horror (Abyss:3)
  A spriggan (Depths:3)
  A shadow wraith (Abyss:3)
  8 hell knights
  2 sixfirhies
  2 wretched stars (Abyss:3)
  2 flayed ghosts
  A deep elf archer (Bailey)
  2 glowing orange brains
  2 deep trolls
  A wizard (D:14)
  A harpy (shapeshifter) (D:15)
  2 necromancers
  11 deep elf magi
  A wolf spider (D:15)
  A frost giant zombie (Depths:3)
  A fire giant zombie (Depths:3)
  20 ugly things
  2 orc knights (D:15)
  An orc sorcerer (D:15)
  2 cyclopes
  A sphinx skeleton (Depths:3)
  A sphinx zombie (Depths:3)
  2 worldbinders (Abyss:3)
  An elephant (shapeshifter) (D:15)
  Maurice (D:12)
  An orange demon (Depths:3)
  A smoke demon (Abyss:3)
  3 gargoyles
  3 yaktaurs
  A yaktaur (shapeshifter) (D:15)
  3 komodo dragons
  A freezing wraith (Abyss:3)
  An ice devil (Depths:3)
  2 efreet
  A jumping spider (shapeshifter) (Depths:3)
  2 tormentors (Depths:3)
  A hornet (Depths:3)
  6 trolls
  5 slime creatures
  A meliai zombie (D:14)
  5 hippogriffs
  A dream sheep (shapeshifter) (D:15)
  A shadow (Abyss:3)
  3 small abominations (Abyss:3)
  2 vampires
  2 water elementals
  2 wraiths (D:15)
  38 yaks
  2 basilisks
  Grum (D:9)
  3 hungry ghosts
  25 humans
  5 chaos spawn
  2 steam dragons (D:5)
  A neqoxec (Abyss:3)
  6 vampire mosquitoes (D:14)
  2 wargs (D:15)
  A soldier ant (D:12)
  A water moccasin (D:12)
  8 orc warriors
  2 phantoms
  2 ice beasts (D:15)
  9 ogres
  2 black bears
  6 sky beasts
  4 wolves (D:9)
  12 centaurs
  3 boggarts (Depths:1)
  A crocodile (D:14)
  2 big kobolds
  7 bullfrogs
  6 scorpions
  13 killer bees
  8 wights
  2 howler monkeys
  2 electric eels
  5 crimson imps
  2 quasits
  4 bullfrog zombies
  3 centaur zombies
  An iron imp (Depths:3)
  A jelly (D:6)
  14 orc wizards
  6 hounds
  3 bullfrog skeletons
  9 orc priests
  7 centaur skeletons
  Ijyb (D:3)
  5 iguanas
  9 worker ants
  2 hound skeletons
  3 gnolls (D:4)
  15 adders
  4 shadow imps
  2 white imps
  2 oozes
  2 adder skeletons
  3 worms (D:2)
  13 dart slugs
  3 leopard geckos
  68 orcs
  6 bats
  3 giant cockroaches
  5 goblins
  2 hobgoblins (D:3)
  3 jackals (D:1)
  2 quokkas
  2 ball pythons
  A frilled lizard (D:3)
  8 kobolds
  A leopard gecko skeleton (D:4)
  A quokka zombie (D:6)
  3 rats
  A toadstool (D:15)
594 creatures vanquished.

Vanquished Creatures (collateral kills)
  A fire giant (Depths:4)
1 creature vanquished.

Vanquished Creatures (others)
  A very ugly thing (Depths:3)
  3 slime creatures (D:15)
  A yaktaur (Depths:1)
  6 humans (D:12)
  2 centaurs
  2 orcs (D:11)
  7 fungi (D:5)
  A lurking horror (Abyss:3)
  4 toadstools (D:15)
27 creatures vanquished.

Grand Total: 622 creatures vanquished

Notes
Turn   | Place    | Note
-------+----------+-------------------------------------------
     0 | D:1      | Lavandula the Troll Wanderer began the quest for the Orb.
     0 | D:1      | Lavandula set off with the following items: a +0 mace, a +0
                  | robe, 2 rations; and the following spell memorised: Magic
                  | Dart; and the following spells available to memorise: Call
                  | Imp, Blink, Slow, Throw Flame, Throw Frost, Conjure Flame,
                  | Mephitic Cloud
     0 | D:1      | Reached XP level 1. HP: 19/19 MP: 1/1
    79 | D:1      | Reached skill level 1 in Unarmed Combat
   210 | D:1      | Reached XP level 2. HP: 27/27 MP: 2/2
   321 | D:1      | Reached skill level 2 in Unarmed Combat
   709 | D:2      | Reached XP level 3. HP: 33/33 MP: 3/3
   795 | D:2      | Reached skill level 3 in Unarmed Combat
   985 | D:3      | Found a radiant altar of Vehumet.
  1028 | D:3      | Reached XP level 4. HP: 34/41 MP: 4/4
  1038 | D:3      | Reached skill level 4 in Unarmed Combat
  1115 | D:3      | You fall through a shaft for 2 floors!
  1115 | D:5      | Entered Level 5 of the Dungeon
  1121 | D:5      | Reached XP level 5. HP: 29/48 MP: 5/5
  1159 | D:5      | Noticed a steam dragon
  1159 | D:5      | Noticed a steam dragon
  1169 | D:5      | Noticed a centaur
  1172 | D:4      | Noticed a phantom
  1186 | D:4      | Reached skill level 5 in Unarmed Combat
  1207 | D:4      | Killed a phantom
  1207 | D:4      | Reached skill level 6 in Unarmed Combat
  1207 | D:4      | Reached XP level 6. HP: 31/55 MP: 6/6
  1288 | D:3      | Noticed Ijyb
  1302 | D:3      | Killed Ijyb
  1460 | D:3      | Noticed Sigmund
  1714 | D:4      | Reached skill level 7 in Unarmed Combat
  1813 | D:4      | Reached XP level 7. HP: 45/62 MP: 5/7
  1888 | D:4      | Found a staircase to the Ecumenical Temple.
  2049 | Temple   | Entered the Ecumenical Temple
  2164 | D:5      | Reached skill level 8 in Unarmed Combat
  2461 | D:5      | Killed a steam dragon
  2461 | D:5      | Reached XP level 8. HP: 48/70 MP: 4/8
  2479 | D:5      | Learned a level 2 spell: Blink
  2726 | D:5      | Reached skill level 9 in Unarmed Combat
  2738 | D:5      | Found a runed translucent gate.
  2738 | D:5      | Found a runed translucent gate.
  2738 | D:5      | Found a runed translucent gate.
  2777 | D:5      | Noticed acepyromaniac's ghost (novice HOFi)
  2868 | D:5      | Reached skill level 10 in Unarmed Combat
  2926 | D:6      | Found a stormy altar of Qazlal.
  2928 | D:6      | Found a sacrificial altar of Ru.
  2928 | D:6      | Found a snail-covered altar of Cheibriados.
  2941 | D:6      | Found Hiugosh's Gadget Shop.
  2957 | D:6      | Became a worshipper of Cheibriados the Contemplative
  3097 | D:6      | Found a glowing silver altar of Zin.
  3407 | D:6      | Reached XP level 9. HP: 64/84 MP: 7/9
  3537 | D:6      | Found a burning altar of Makhleb.
  3576 | D:7      | Reached * piety under Cheibriados
  3581 | D:7      | Reached skill level 5 in Fighting
  3830 | D:7      | Found a shadowy altar of Dithmenos.
  4222 | D:8      | Noticed a two-headed ogre
  4226 | D:8      | Killed a two-headed ogre
  4360 | D:8      | Found an ancient bone altar of Kikubaaqudgha.
  4362 | D:8      | Found a glowing golden altar of the Shining One.
  4362 | D:8      | Found a shimmering altar of Xom.
  4363 | D:8      | Found a shattered altar of Ashenzari.
  4369 | D:8      | Found a sparkling altar of Nemelex Xobeh.
  4482 | D:8      | Found a hazy altar of Hepliaklqana.
  4490 | D:8      | Reached ** piety under Cheibriados
  4491 | D:8      | Reached XP level 10. HP: 50/104 MP: 6/10
  4496 | D:8      | Found a staircase to the Lair.
  4548 | D:8      | Reached skill level 1 in Invocations
  4694 | D:8      | Noticed a two-headed ogre
  4700 | D:8      | Killed a two-headed ogre
  4914 | D:9      | Reached skill level 5 in Invocations
  4940 | D:9      | Reached skill level 1 in Translocations
  5031 | D:9      | Reached *** piety under Cheibriados
  5151 | D:9      | Reached skill level 11 in Unarmed Combat
  5296 | D:9      | Noticed Grum
  5307 | D:9      | Killed Grum
  5452 | D:9      | Noticed a two-headed ogre
  5457 | D:9      | Killed a two-headed ogre
  5457 | D:9      | Reached XP level 11. HP: 94/111 MP: 11/13
  5465 | D:10     | Entered Level 10 of the Dungeon
  5688 | D:10     | Reached **** piety under Cheibriados
  5690 | D:10     | Gained mutation: Your spells are a little easier to cast,
                  | but a little less powerful. [potion of mutation]
  5690 | D:10     | Gained mutation: You have a pair of small horns on your
                  | head. [potion of mutation]
  5799 | D:10     | Learned a level 3 spell: Ozocubu's Armour
  6014 | D:11     | Reached skill level 5 in Shields
  6080 | D:11     | Reached ***** piety under Cheibriados
  6123 | D:11     | Found a flickering gateway to a bazaar.
  6148 | Bazaar   | Entered a bazaar
  6162 | Bazaar   | Found Eroemehu's Weapon Emporium.
  6162 | Bazaar   | Found Odeit's Distillery.
  6183 | Bazaar   | Found Bier's Distillery.
  6198 | Bazaar   | Found Uczaephu's Gadget Emporium.
  6198 | Bazaar   | Found Hykkefer's Distillery.
  6219 | Bazaar   | Found Mem Mima's Jewellery Emporium.
  6244 | Bazaar   | Bought an uncursed ring of see invisible for 180 gold
                  | pieces
  6258 | Bazaar   | Bought a potion of heal wounds for 50 gold pieces
  6258 | Bazaar   | Bought a potion of heal wounds for 50 gold pieces
  6258 | Bazaar   | Bought a potion of curing for 30 gold pieces
  6258 | Bazaar   | Bought 2 potions of might for 80 gold pieces
  6284 | Bazaar   | Bought a potion of cancellation for 80 gold pieces
  6284 | Bazaar   | Bought 2 potions of heal wounds for 100 gold pieces
  6569 | D:11     | Found a staircase to the Orcish Mines.
  6664 | D:11     | Found Vyugriw's Food Boutique.
  7015 | D:12     | Noticed a two-headed ogre
  7020 | D:12     | Killed a two-headed ogre
  7039 | D:12     | You fall through a shaft!
  7091 | D:12     | Noticed a two-headed ogre
  7105 | D:12     | Killed a two-headed ogre
  7110 | D:12     | Noticed Erolcha
  7112 | D:12     | Noticed Kirke
  7118 | D:12     | Killed Erolcha
  7118 | D:12     | Reached ****** piety under Cheibriados
  7118 | D:12     | Reached XP level 12. HP: 119/119 MP: 14/16
  7123 | D:12     | Noticed a sphinx
  7126 | D:12     | Noticed Snorg
  7127 | D:12     | Killed Kirke
  7172 | D:12     | Killed Snorg
  7210 | D:12     | Found a flagged portal.
  7222 | Bailey   | Entered a bailey
  7264 | Bailey   | Reached skill level 12 in Unarmed Combat
  7455 | Bailey   | Learned a level 3 spell: Mephitic Cloud
  7646 | D:12     | Noticed Maurice
  7651 | D:12     | Killed Maurice
  7664 | D:12     | Reached skill level 10 in Shields
  7797 | D:12     | Reached XP level 13. HP: 123/127 MP: 15/17
  8478 | D:13     | Reached skill level 1 in Throwing
  8773 | D:14     | Found Kaadol's Assorted Antiques.
  8865 | D:14     | Bought an ivory wand for 104 gold pieces
  8895 | D:14     | Found Tuh Wuf's Assorted Antiques.
  9029 | D:14     | Found a gate to the Vaults.
  9193 | D:14     | Found Jeingi's Antique Armour Boutique.
  9199 | D:14     | Found Piont's Food Shoppe.
  9411 | D:14     | Found Korystom's Magic Scroll Emporium.
  9512 | D:15     | Entered Level 15 of the Dungeon
  9856 | D:15     | Reached XP level 14. HP: 124/135 MP: 14/18
 10288 | D:15     | Reached XP level 15. HP: 131/143 MP: 16/19
 10319 | D:15     | Found a staircase to the Depths.
 10341 | Depths:1 | Entered Level 1 of the Depths
 10517 | Depths:1 | Found a gateway to Hell.
 10539 | Depths:1 | Identified a scroll of acquirement
 10546 | Depths:1 | Got a dazzling shield
 10552 | Depths:1 | Identified the +3 shield "Moukhlos" {rElec Regen+} (You
                  | acquired it on level 1 of the Depths)
 10625 | Depths:1 | Found a gateway to a ziggurat.
 10670 | Depths:1 | Found Puog's Magic Scroll Boutique.
 10673 | Depths:1 | Bought a scroll of teleportation for 66 gold pieces
 10673 | Depths:1 | Bought a scroll of amnesia for 77 gold pieces
 10780 | Depths:1 | Noticed a fire giant
 11079 | Depths:1 | Paralysed by a great orb of eyes for 2 turns
 11112 | Depths:1 | Identified the ring "Lysch" {rPois MR++ Str-4 Dex-2 Stlth+}
 11152 | Depths:1 | Noticed a fire giant
 11159 | Depths:1 | Killed a fire giant
 11163 | Depths:1 | Reached skill level 10 in Invocations
 11169 | Depths:1 | Noticed a fire giant
 11172 | Depths:1 | Killed a fire giant
 11282 | Depths:1 | Noticed an iron dragon
 11289 | Depths:1 | Killed an iron dragon
 11333 | Depths:1 | Reached skill level 13 in Unarmed Combat
 11428 | Depths:1 | Found a one-way gate leading to the halls of Pandemonium.
 11693 | D:14     | Bought 3 scrolls of holy word for 382 gold pieces
 11904 | Depths:2 | You fall through a shaft!
 11956 | Depths:3 | Reached skill level 14 in Unarmed Combat
 11962 | Depths:3 | Reached XP level 16. HP: 85/150 MP: 15/22
 12018 | Depths:3 | Noticed a lich
 12020 | Depths:3 | Noticed a lich
 12021 | Depths:3 | Reached skill level 15 in Unarmed Combat
 12032 | Depths:3 | Killed a lich
 12053 | Depths:3 | Noticed a tengu reaver
 12066 | Depths:3 | Killed a tengu reaver
 12306 | Depths:3 | Reached skill level 16 in Unarmed Combat
 12589 | Depths:3 | Reached skill level 5 in Dodging
 12739 | Depths:3 | Found an iron altar of Okawaru.
 12741 | Depths:3 | You fall through a shaft!
 12859 | Depths:4 | Noticed a juggernaut
 12874 | Depths:4 | Killed a juggernaut
 12921 | Depths:4 | Noticed a lich
 12921 | Depths:4 | Noticed a titan
 12924 | Depths:4 | Cast into level 3 of the Abyss (a lich)
 12924 | Abyss:3  | Found a corrupted altar of Lugonu.
 13055 | Abyss:3  | Reached XP level 17. HP: 88/142 MP: 18/18
 13073 | Abyss:3  | Noticed a lich
 13086 | Abyss:3  | Killed from afar by a lich

Skill      XL: |  1  2  3  4  5  6  7  8  9 10 11 12 13 14 15 16 |
---------------+-------------------------------------------------+-----
Unarmed Combat | 1 2 3 4 6 7 8 10 11 12 14 16 | 16.3
Dodging        | 3 8 |  8.5
Fighting       | 3 7 |  7.8
Invocations    | 5 6 10 | 10.3
Translocations | 2 |  2.2
Shields        | 2 7 10 13 14 | 14.3
Throwing       | 4 |  4.8
Maces & Flails | |  1.0
Spellcasting   | |  1.2
Summonings     | |  1.0
Earth Magic    | |  1.7

Action                   |  1- 3 |  4- 6 |  7- 9 | 10-12 | 13-15 | 16-18 || total
-------------------------+-------+-------+-------+-------+-------+-------++-------
Melee: Unarmed           |    93 |   115 |   233 |   466 |   593 |   214 ||  1714
       Punch             |       |     2 |    15 |    13 |       |       ||    30
       Headbutt          |       |       |       |   102 |   235 |    70 ||   407
Throw: Tomahawk          |       |       |     2 |       |       |       ||     2
       Javelin           |       |       |       |       |     3 |       ||     3
       Large rock        |       |       |       |       |       |    15 ||    15
 Cast: Blink             |       |       |       |     1 |     2 |       ||     3
       Ozocubu's Armour  |       |       |       |       |     4 |     5 ||     9
       Mephitic Cloud    |       |       |       |       |     1 |     1 ||     2
Invok: Bend Time         |       |       |       |     1 |       |       ||     1
       Slouch            |       |       |       |     1 |     2 |     8 ||    11
       Temporal Distorti |       |       |       |     1 |       |       ||     1
       Step From Time    |       |       |       |       |     2 |       ||     2
Evoke: Wand              |       |       |     2 |     1 |     7 |     4 ||    14
       Lightning rod     |       |       |       |     4 |     8 |     7 ||    19
  Use: Scroll            |       |       |    12 |    13 |    12 |     5 ||    42
       Potion            |       |       |     7 |     2 |     1 |     2 ||    12
 Stab: Sleeping          |     1 |       |       |     8 |     1 |     1 ||    11
       Invisible         |       |       |       |       |       |     4 ||     4
       Confused          |       |       |       |       |       |     1 ||     1
  Eat: Chunk             |    14 |     6 |    16 |    33 |    24 |    14 ||   107
       Ration            |       |       |     1 |       |       |     1 ||     2
Armor: Robe              |    56 |    43 |    23 |       |       |       ||   122
       Steam dragon scal |       |       |    97 |    58 |       |       ||   155
       Skin              |       |       |       |     8 |       |       ||     8
       Troll leather arm |       |       |       |    24 |   139 |    41 ||   204
Dodge: Dodged            |    43 |    62 |   181 |   144 |   145 |    89 ||   664
Block: Other             |       |       |    21 |    16 |       |       ||    37
       Reflection        |       |       |     1 |     6 |    27 |    10 ||    44
       Shield            |       |       |       |   189 |   313 |   271 ||   773
       Large shield      |       |       |       |       |   271 |       ||   271
